 Dungeon Crawl Stone Soup version 0.30-a0-760-g5a9884bb7c (webtiles) character file.

Game seed: 14222615540591869341

251 Ge0ff the Chopper (level 5, -3/47 HPs)
             Began as a Minotaur Warper on Feb 11, 2023.
             Blown up by Ijyb (16 damage)
             ... with a mindburst bolt
             ... on level 3 of the Dungeon.
             The game lasted 00:05:37 (2611 turns).

Ge0ff the Chopper (Minotaur Warper)                 Turns: 2611, Time: 00:05:38

Health: -3/47      AC:  6    Str: 17    XL:     5   Next: 88%
Magic:  15/15      EV: 11    Int: 10    God:
Gold:   261        SH:  0    Dex: 10    Spells: 4/6 levels left

rFire   . . .      SeeInvis .    a - +0 hand axe
rCold   . . .      Faith    .    (no shield)
rNeg    . . .      Spirit   .    J - +1 ring mail
rPois   .          Reflect  .    (helmet restricted)
rElec   .          Harm     .    (no cloak)
rCorr   .          Rampage  .    (no gloves)
Will    .....                    (no boots)
Stlth   +                        (no amulet)
HPRegen 0.27/turn                F - ring of magical power
MPRegen 0.14/turn                (no ring)

@: no status effects
A: horns 2, retaliatory headbutt
a: no special abilities


You were on level 3 of the Dungeon.
You visited 1 branch of the dungeon, and saw 4 of its levels.
You also visited: Sewer.

You collected 261 gold pieces.

Inventory:

Hand Weapons
 a - a +0 hand axe (weapon)
 b - a +1 dagger of venom
 N - a +0 flail
Missiles
 d - a boomerang of dispersal (quivered)
 C - 26 stones
 P - 4 poisoned darts
Armour
 E - a +0 leather armour
 J - a +1 ring mail (worn)
 O - a +0 chain mail
Jewellery
 F - a ring of magical power (left hand)
Scrolls
 B - 2 scrolls of blinking
Potions
 A - 2 potions of attraction
 L - a potion of might {unknown}
 Z - a potion of berserk rage {!q}


   Skills:
 + Level 4.5 Fighting
 + Level 5.5 Axes
 - Level 1.0 Throwing
 - Level 2.0 Armour
 - Level 3.0 Dodging
 - Level 1.0 Stealth
 - Level 1.3 Spellcasting
 - Level 2.1 Translocations


You had 4 spell levels left.
You knew the following spells:

 Your Spells              Type           Power      Damage    Failure   Level
B - Blink                 Tloc           10%        N/A       36%         2

Your spell library contained the following spells:

 Spells                   Type           Power      Damage    Failure   Level
 Lesser Beckoning         Tloc           10%        N/A       36%         2
 Sting                    Tmut/Pois      0%         1d3       52%         1
 Teleport Other           Tloc           5%         N/A       58%         3
 Poisonous Vapours        Pois/Air       0%         N/A       65%         2
 Vhi's Electric Charge    Tloc/Air       4%         N/A       75%         3
 Manifold Assault         Tloc           5%         N/A       94%         4
 Olgreb's Toxic Radiance  Pois           0%         N/A       99%         4
 Arcjolt                  Conj/Air       0%         1d10      100%        5
 Iskenderun's Battlesphe  Conj           0%         2d6       100%        5
 Iron Shot                Conj/Erth      0%         9d1       100%        6
 Spellforged Servitor     Conj/Summ      0%         N/A       100%        7
 Maxwell's Capacitive Co  Air            0%         ∞         100%        8


Dungeon Overview and Level Annotations

Branches:
Dungeon (4/15) Zot: 21618   Sewer (visited)
 Temple: D:4-7

Altars:

Shops:
D:1 =

Annotations:
D:3 1 runed translucent door, Crazy Yiuf, Ijyb


Innate Abilities, Weirdness & Mutations

You have a pair of horns on your head.
You reflexively headbutt those who attack you in melee.


Message History

The necrophage closely misses you.
There is a stone staircase leading up here.
You climb upwards.
Level annotation: Ijyb
There is a stone staircase leading down here.
You are no longer corroded.
Your extra speed is starting to run out.
You feel yourself slow down.
HP restored.
There is an open door here.
Found a runed translucent door.
Crazy Yiuf shouts!
You see here a +0 helmet.
You open the door.
A goblin comes into view. It is wielding a +0 dagger.
There is an open door here.
You slash the goblin!
You kill the goblin!
Ijyb shouts!
You hear a shout! x2
You see here a +0 dagger.
A hobgoblin comes into view.
The hobgoblin shouts!
The hobgoblin moves out of view.
The hobgoblin shouts!
Ijyb screams, "Me very upset!"
Unknown command.
The hobgoblin closely misses you. Ijyb hits you with a +0 dagger.
There is an open door here.
You closely miss Ijyb. You hit the hobgoblin. The hobgoblin hits you.
Ijyb hits you with a +0 dagger.
You hit Ijyb but do no damage. You hit the hobgoblin.
You closely miss the hobgoblin.
The hobgoblin drinks a potion.
The hobgoblin goes berserk!
Z - a potion of berserk rage The hobgoblin hits you.
Ijyb hits you with a +0 dagger.
You hit Ijyb. You headbutt Ijyb, but do no damage.
Ijyb is lightly wounded.
You hit the hobgoblin. You closely miss the hobgoblin.
The hobgoblin hits you with a +0 mace. The hobgoblin hits you.
Ijyb hits you with a +0 dagger. The hobgoblin hits you with a +0 mace!
* * * LOW HITPOINT WARNING * * *
You closely miss Ijyb. Your headbutt misses Ijyb.
Ijyb is lightly wounded.
You hit the hobgoblin.
You kill the hobgoblin!
You hit the hobgoblin.
Ijyb zaps a wand.
Your mind is blasted!
You die...

####.#######.....## ###.#
.........##.......## ##.#.#
.##...##.#.........####....######
,#.......+.........'.............
,#....##.######....##############
,#.#.###.##...##....#**,,,**
,#.###*###.....##)..#*,,.,,**
,..,,,,,*......g#...#....,,,*
##.******......†@...'....,,,*
**,******......g#...#....,,,*
,,,,,,,**#.....##...##...,,**
**,***,* ##...#*#...#*#..,**
*,***,** ####* #...# *##**
*,,,,,,***,,,**#...#**,,,**
******,,**,,,,,*#...#*,,,,,**
,,,,,,,,*,,,,,,,#...#,,,,,,,*
*******,*,,,,,,,+,,,+,,,,,,,*


You could see Ijyb and a hobgoblin (berserk).

Vanquished Creatures
  Pargi (Sewer)
  A jelly (D:4)
  An orc priest (D:4)
  3 adders
  2 dart slugs
  3 orcs (D:4)
  4 ball pythons
  6 bats
  2 endoplasms (D:2)
  2 giant cockroaches
  9 goblins
  7 hobgoblins
  3 jackals (D:1)
  2 quokkas
  3 frilled lizards (D:2)
  4 kobolds
  3 rats (D:1)
56 creatures vanquished.

Notes
Turn   | Place    | Note
-------+----------+-------------------------------------------
     0 | D:1      | Ge0ff the Minotaur Warper began the quest for the Orb.
     0 | D:1      | Reached XP level 1. HP: 18/18 MP: 1/1
   197 | D:1      | Reached XP level 2. HP: 25/25 MP: 3/3
   276 | D:1      | Found Vekeq's Jewellery Shop.
   380 | D:1      | Reached skill level 3 in Axes
   380 | D:1      | Reached skill level 1 in Stealth
   740 | D:2      | Reached XP level 3. HP: 13/31 MP: 4/4
  1022 | D:2      | Reached skill level 4 in Axes
  2038 | D:3      | Noticed Ijyb
  2116 | D:4      | Reached XP level 4. HP: 28/38 MP: 5/5
  2158 | D:4      | Noticed a necrophage
  2170 | D:4      | Found a glowing drain.
  2180 | Sewer    | Entered a sewer
  2257 | Sewer    | Noticed Pargi
  2271 | Sewer    | Killed Pargi
  2272 | Sewer    | Reached skill level 5 in Axes
  2272 | Sewer    | Reached XP level 5. HP: 21/46 MP: 6/6
  2414 | Sewer    | Learned a level 2 spell: Blink
  2546 | D:3      | Found a runed translucent door.
  2547 | D:3      | Noticed Crazy Yiuf
  2611 | D:3      | Blown up by Ijyb

Illustrated notes

Levels and vault maps discovered:
D:1:      zaba_arrival_water, layout_basic, serial_shops, shop_fountains
D:2:      layout_basic
D:3:      kennysheep_six_static_rooms, layout_loops_corners,
          uniq_crazy_yiuf_cottage, uniq_ijyb, uniq_natasha
D:4:      layout_rooms, nicolae_dithmenos_the_darkroom,
          cheibrodos_sewer_entry_drain

Skill      XL: |  1  2  3  4 |
---------------+-------------+-----
Fighting       | 3 4 |  4.5
Axes           | 3 4 5 |  5.5
Stealth        | 1 |  1.0
Armour         | 2 |  2.0
Dodging        | 3 |  3.0
Throwing       | |  1.0
Spellcasting   | |  1.3
Translocations | |  2.1

Action                     |  1- 3 |  4- 6 || total
---------------------------+-------+-------++-------
  Melee: Hand axe          |   101 |    54 ||   155
         Headbutt          |     6 |     8 ||    14
         Punch             |     1 |       ||     1
  Throw: Boomerang         |     6 |       ||     6
    Use: Scroll            |     5 |       ||     5
         Potion            |       |     3 ||     3
   Stab: Sleeping          |     2 |       ||     2
 Armour: Leather armour    |    17 |       ||    17
         Ring mail         |     7 |    19 ||    26
  Dodge: Dodged            |    47 |    55 ||   102

Table legend: (Time is in decaauts)
 A = Elapsed time spent in this place.
 B = Non-inter-level travel time spent in this place.
 C = Inter-level travel time spent in this place.
 D = Time resting spent in this place.
 E = Time spent auto-exploring this place.
 F = Levels seen in this place.
 G = Mean time per level.
                   A        B        C        D        E       F      G
               +--------+--------+--------+--------+--------+-----+--------+
         Total |   2601 |   2570 |     31 |      2 |   2003 |   5 |  520.2 |
       Dungeon |   2380 |   2349 |     31 |      2 |   1855 |   4 |  595.0 |
         Sewer |    221 |    221 |      0 |      0 |    148 |   1 |  221.0 |
               +--------+--------+--------+--------+--------+-----+--------+

Top non-repeatable levels by time:
     D:2: 1006 daAuts
     D:1: 743 daAuts
     D:3: 513 daAuts
   Sewer: 221 daAuts
     D:4: 116 daAuts
